 Dungeon Crawl Stone Soup version 0.28.0-45-g0d030f2227 (webtiles) character file.

Game seed: 18063626904759006859

55 MisterFreud the Covert (level 3, -7/35 HPs)
             Began as a Gnoll Delver on May 27, 2022.
             Shot with an arrow by a centaur (10 damage)
             ... on level 3 of the Dungeon.
             The game lasted 00:02:14 (456 turns).

MisterFreud the Covert (Gnoll Delver)                Turns: 456, Time: 00:02:14

Health: -7/35      AC:  3    Str: 11    XL:     3   Next: 93%
Magic:  4/4        EV: 13    Int: 11    God:
Gold:   20         SH:  0    Dex: 13    Spells: 4/4 levels left

rFire   . . .      SeeInvis .   a - +0 short sword
rCold   . . .      Faith    .   (no shield)
rNeg    . . .      Spirit   .   b - +0 leather armour
rPois   .          Reflect  .   (no helmet)
rElec   .          Harm     .   (no cloak)
rCorr   .          Rampage  .   (no gloves)
Will    .....                   (no boots)
Stlth   ++++......              (no amulet)
HPRegen 0.11/turn               (no ring)
MPRegen 0.09/turn               (no ring)

@: no status effects
A: fangs 1, strong nose, distributed training
a: no special abilities


You were on level 3 of the Dungeon.
You visited 1 branch of the dungeon, and saw 4 of its levels.

You collected 20 gold pieces.

Inventory:

Hand Weapons
 a - a +0 short sword (weapon)
Missiles
 f - 4 javelins (quivered)
Armour
 b - a +0 leather armour (worn)
Wands
 g - a wand of digging (3)
Scrolls
 c - a scroll of fog
 d - a scroll of magic mapping
 e - a scroll of fear
 h - a scroll of teleportation {unknown}


   Skills:
 + Level 6.5 Fighting
 + Level 4.6 Short Blades
 + Level 1.0 Long Blades
 + Level 1.0 Axes
 + Level 1.0 Maces & Flails
 + Level 1.0 Polearms
 + Level 1.0 Staves
 + Level 1.0 Slings
 + Level 1.0 Bows
 + Level 1.0 Crossbows
 + Level 1.0 Throwing
 + Level 1.0 Armour
 + Level 4.6 Dodging
 + Level 9.6 Stealth
 + Level 1.0 Shields
 + Level 1.0 Unarmed Combat
 + Level 1.0 Spellcasting
 + Level 0.7 Conjurations
 + Level 0.7 Hexes
 + Level 0.7 Summonings
 + Level 0.7 Necromancy
 + Level 0.7 Translocations
 + Level 0.7 Transmutations
 + Level 0.7 Fire Magic
 + Level 0.7 Ice Magic
 + Level 0.7 Air Magic
 + Level 0.7 Earth Magic
 + Level 0.7 Poison Magic
 + Level 1.0 Invocations
 + Level 1.0 Evocations


You had 4 spell levels left.
You didn't know any spells.
Your spell library was empty.

Dungeon Overview and Level Annotations

Branches:
Dungeon (6/15)
 Temple: D:4-7

Altars:
Cheibriados
Okawaru
Ru
Zin


Innate Abilities, Weirdness & Mutations

You have very sharp teeth.
Your uncanny sense of smell can sniff out nearby items.
Your experience applies equally to all skills.


Message History

You hit the dart slug.
You kill the dart slug!
No target in view!
Things that are here:
a +0 club; a goblin corpse
f - 4 javelins
Things that are here:
a +0 club; a goblin corpse A ball python comes into view.
There is a stone staircase leading up here.
A hobgoblin comes into view.
Found a stone staircase leading up.
The hobgoblin shouts!
The hobgoblin hits you.
You hit the hobgoblin but do no damage. The hobgoblin hits you.
You barely miss the hobgoblin. You punch the hobgoblin.
The hobgoblin is moderately wounded.
The hobgoblin hits you.
You hit the hobgoblin but do no damage. Your bite misses the hobgoblin.
The hobgoblin is moderately wounded.
The hobgoblin barely misses you.
You hit the hobgoblin.
The hobgoblin is heavily wounded.
The hobgoblin hits you.
You hit the hobgoblin.
You kill the hobgoblin!
No target in view!
There is a stone staircase leading up here.
You climb upwards.
There is a stone staircase leading down here.
h - a scroll labelled ZUAQIMN YKON A centaur comes into view.
The centaur shouts!
The centaur wields a +0 shortbow.
The centaur shoots an arrow.
The arrow hits you!
The centaur shoots an arrow.
The arrow hits you!
The centaur shoots an arrow.
The arrow hits you!
* * * LOW HITPOINT WARNING * * *
The centaur shoots an arrow.
The arrow hits you!
You die...

......###.#####
##............# ##
###.####.###.# .#
#.####>###.### ..#
#............# ..#
######.###.#.# ...# ..
#.......######...###
....###..###..#...........
.........# #..@......c....
....###..###..#...........
.. #.......######...###
........# ...# ....#.##.#
..# ###....##># ....
##.####.# ..## #.. ..#
∆#.# ### .###


You could see a centaur.

Vanquished Creatures
  Natasha (D:5)
  A howler monkey zombie (D:5)
  An adder (D:5)
  A dart slug (D:4)
  An endoplasm (D:3)
  2 goblins
  2 hobgoblins
9 creatures vanquished.

Notes
Turn   | Place    | Note
-------+----------+-------------------------------------------
     0 | D:5      | Reached skill level 9 in Stealth
     0 | D:5      | MisterFreud the Gnoll Delver began the quest for the Orb.
     0 | D:5      | Reached XP level 1. HP: 23/23 MP: 1/1
     1 | D:6      | Noticed a sky beast
    21 | D:5      | Noticed a sky beast
   119 | D:5      | Found a sacrificial altar of Ru.
   119 | D:5      | Found a snail-covered altar of Cheibriados.
   123 | D:5      | Found an iron altar of Okawaru.
   124 | D:5      | Found a glowing silver altar of Zin.
   159 | D:5      | Reached XP level 2. HP: 23/29 MP: 2/2
   307 | D:4      | Noticed Natasha
   322 | D:5      | Noticed a crimson imp
   323 | D:5      | Killed Natasha
   324 | D:5      | Reached skill level 1 in Invocations
   324 | D:5      | Reached XP level 3. HP: 35/35 MP: 2/4
   410 | D:4      | Reached skill level 1 in Long Blades
   410 | D:4      | Reached skill level 1 in Axes
   410 | D:4      | Reached skill level 1 in Maces & Flails
   410 | D:4      | Reached skill level 1 in Polearms
   410 | D:4      | Reached skill level 1 in Staves
   410 | D:4      | Reached skill level 1 in Slings
   410 | D:4      | Reached skill level 1 in Bows
   410 | D:4      | Reached skill level 1 in Crossbows
   410 | D:4      | Reached skill level 1 in Throwing
   410 | D:4      | Reached skill level 1 in Armour
   410 | D:4      | Reached skill level 1 in Shields
   410 | D:4      | Reached skill level 1 in Unarmed Combat
   410 | D:4      | Reached skill level 1 in Spellcasting
   410 | D:4      | Reached skill level 1 in Evocations
   451 | D:3      | Noticed a centaur
   456 | D:3      | Shot with an arrow by a centaur

Illustrated notes

Levels and vault maps discovered:
D:3:      layout_loops_cross, nemelex_dance_club_becter
D:4:      layout_cave_pools, beargit_hepliaklqana_dungeon_heroes, uniq_natasha
D:5:      layout_loops_corners, xom_teletrap_fun, minitemple, minmay_circle_x,
          uniq_sigmund
D:6:      layout_basic

Skill      XL: |  1  2  3 |
---------------+----------+-----
Stealth        | |  9.6
Invocations    | 1 |  1.0
Long Blades    | 1 |  1.0
Axes           | 1 |  1.0
Maces & Flails | 1 |  1.0
Polearms       | 1 |  1.0
Staves         | 1 |  1.0
Slings         | 1 |  1.0
Bows           | 1 |  1.0
Crossbows      | 1 |  1.0
Throwing       | 1 |  1.0
Armour         | 1 |  1.0
Shields        | 1 |  1.0
Unarmed Combat | 1 |  1.0
Spellcasting   | 1 |  1.0
Evocations     | 1 |  1.0
Fighting       | |  6.5
Short Blades   | |  4.6
Dodging        | |  4.6
Conjurations   | |  0.7
Hexes          | |  0.7
Summonings     | |  0.7
Necromancy     | |  0.7
Translocations | |  0.7
Transmutations | |  0.7
Fire Magic     | |  0.7
Ice Magic      | |  0.7
Air Magic      | |  0.7
Earth Magic    | |  0.7
Poison Magic   | |  0.7

Action                   || total
-------------------------++-------
Melee: Short sword       ||    48
       Bite              ||     5
       Punch             ||     2
  Use: Potion            ||     1
 Stab: Sleeping          ||     1
Armor: Leather armour    ||     9
Dodge: Dodged            ||    29
